 Dungeon Crawl Stone Soup version 0.20.1-1-g8b1a95d (webtiles) character file.

31 Ijustatesigmund the Sneak (level 3, 0/26 HPs)
             Began as an Octopode Assassin on Sept 23, 2017.
             Succumbed to Robin's poison
             ... on level 2 of the Dungeon.
             The game lasted 00:02:09 (799 turns).

Ijustatesigmund the Sneak (Octopode Assassin)        Turns: 799, Time: 00:02:10

Health: 0/26       AC:  1    Str: 10    XL:     3   Next: 22%
Magic:  3/3        EV: 13    Int: 13    God:
Gold:   14         SH:  0    Dex: 14    Spells: 2/2 levels left

rFire    . . .     SeeInvis .   k - +1 whip (vamp)
rCold    . . .     Gourm    .   (no shield)
rNeg     . . .     Faith    .   (helmet restricted)
rPois    .         Spirit   .   (no amulet)
rElec    .         Reflect  .   (no ring)
rCorr    .         Harm     .   (no ring)
MR       .....     Clarity  +   (no ring)
Stlth    ++++......             (no ring)
Regen    0.0/turn               (no ring)
MPRegen  0.1/turn               (no ring)
                                (no ring)
                                (no ring)

@: lethally poisoned (0 -> -18)
A: almost no armour, stealthy swim, amphibious, 8 rings, constrict 8, camouflage
1, clarity, inhibited regeneration, gelatinous body 1
a: no special abilities


You were on level 2 of the Dungeon.
You were not hungry.

You visited 1 branch of the dungeon, and saw 2 of its levels.

You collected 14 gold pieces.

Inventory:

Hand Weapons
 a - a +2 dagger
 b - a +0 blowgun
 k - a +1 vampiric whip (weapon)
Missiles
 c - 8 poisoned needles
 d - 2 curare-tipped needles
Jewellery
 i - an uncursed amulet of regeneration {unknown}
Scrolls
 e - a scroll of teleportation {unknown}
 h - a scroll of random uselessness {unknown}
 n - a scroll of identify {unknown}
Potions
 f - a potion of haste {unknown}
 g - a potion of mutation
 m - a potion of degeneration {unknown}
 o - a potion of cancellation {unknown}
 p - 2 potions of brilliance {unknown}
Comestibles
 j - 2 fruits
 l - 2 meat rations


   Skills:
 * Level 3.2 Fighting
 - Level 2.1 Short Blades
 + Level 0.8 Maces & Flails
 - Level 2.0 Throwing
 - Level 1.0 Dodging
 - Level 5.3 Stealth


You had 2 spell levels left.
You didn't know any spells.

Dungeon Overview and Level Annotations

Branches:
Dungeon (2/15)

Altars:

Annotations:
D:2 Robin


Innate Abilities, Weirdness & Mutations

You cannot wear most types of armour.
You are very stealthy in the water. (Stealth+)
You are amphibious.
You can wear up to eight rings at the same time.
You can use your tentacles to constrict eight enemies at once.
Your skin changes colour to match your surroundings (Stealth+).
Your rubbery body absorbs attacks. (AC +1, EV +1)
You possess an exceptional clarity of mind.
You do not regenerate when monsters are visible.


Message History

You hit Robin but do no damage.
Robin is moderately wounded.
You constrict Robin.
You feel sick. The goblin barely misses you.
Robin hits you with a dagger of venom. The goblin hits you but does no damage.
The goblin closely misses you.
You hit Robin.
You feel better.
Robin is severely wounded.
You constrict Robin.
You feel sick. Robin hits you with a dagger of venom.
You are lethally poisoned!
The goblin hits you.
You are too injured to fight recklessly!
You release your grip on Robin.
You feel sick. Robin throws the goblin at you!
* * * LOW HITPOINT WARNING * * *
The goblin closely misses you.
The goblin unwields an uncursed hunting sling.
The goblin closely misses you. The goblin hits you.
* * * LOW HITPOINT WARNING * * *
It was a potion of mutation.
You feel extremely strange.
Your regeneration stops near monsters.
Your thoughts seem clearer.
You die...

#.#....#
#.##.#.##..
###...........
#.......##....
#.###...# ..#. #.#
..<....... .###
#.##..#.##..##
..... ###g##..#.#
.#
#.....#g@....<...
.
...g.sgg#g##.#..##
.....ggg#.# #.
......g...#
........#.#
........#.#
#....!#....
##...#####.# ####
#


You could see Robin, a giant cockroach, 5 hobgoblins and 4 goblins.

Vanquished Creatures
  An ooze (D:1)
  A ball python (D:1)
  3 giant cockroaches
  2 goblins
  A hobgoblin (D:2)
  3 jackals (D:2)
  5 kobolds (D:1)
  3 bats (D:1)
  A frilled lizard (D:1)
  4 rats
24 creatures vanquished.

Notes
Turn   | Place    | Note
-------+----------+-------------------------------------------
     0 | D:1      | Ijustatesigmund the Octopode Assassin began the quest for the Orb.
     0 | D:1      | Reached XP level 1. HP: 14/14 MP: 1/1
   138 | D:1      | Reached XP level 2. HP: 20/20 MP: 2/2
   714 | D:2      | Reached XP level 3. HP: 26/26 MP: 3/3
   789 | D:2      | Noticed Robin
   798 | D:2      | HP: 1/26 [goblin[Robin] (4)]
   799 | D:2      | Gained mutation: You do not regenerate when monsters are visible. [potion of mutation]
   799 | D:2      | Gained mutation: You possess an exceptional clarity of mind. [potion of mutation]
   799 | D:2      | Succumbed to Robin's poison

Skill      XL: |  1  2 |
---------------+-------+-----
Fighting       | 3 |  3.2
Short Blades   | |  2.1
Maces & Flails | |  0.8
Throwing       | |  2.0
Dodging        | |  1.0
Stealth        | |  5.3

Action                   || total
-------------------------++-------
Melee: Dagger            ||    14
       Constrict         ||    12
       Tentacles         ||     7
       Whip              ||    30
  Use: Potion            ||     1
 Stab: Sleeping          ||     5
  Eat: Bread ration      ||     1
Armor: Skin              ||     1
Dodge: Dodged            ||    24
